 Dungeon Crawl Stone Soup version 0.20.0-10-g0535bb4 (webtiles) character file.

64 maniacrov the Sneak (level 3, -1/18 HPs)
             Began as a Spriggan Assassin on June 4, 2017.
             Slain by an orc
             ... wielding a +0 whip
              (4 damage)
             ... on level 3 of the Dungeon.
             The game lasted 00:09:34 (1992 turns).

maniacrov the Sneak (Spriggan Assassin)             Turns: 1992, Time: 00:09:34

Health: -1/18      AC:  4    Str:  7    XL:     3   Next: 91%
Magic:  4/4        EV: 18    Int: 12    God:
Gold:   67         SH:  0    Dex: 18    Spells: 2/2 levels left

rFire    . . .     SeeInvis +   a - +2 dagger
rCold    . . .     Gourm    .   (shield restricted)
rNeg     . . .     Faith    .   c - +0 robe
rPois    +         Spirit   .   (helmet restricted)
rElec    .         Reflect  .   d - +1 cloak
rCorr    .         Harm     .   (gloves unavailable)
MR       .....                  (boots unavailable)
Stlth    ++++......             (no amulet)
Regen    0.1/turn               p - ring of poison resistance
MPRegen  0.1/turn               (no ring)

@: very quick
A: unfitting armour, see invisible, herbivore 3, speed 3, slow metabolism 2
a: no special abilities


You were on level 3 of the Dungeon.
You were not hungry.

You visited 1 branch of the dungeon, and saw 3 of its levels.

You collected 67 gold pieces.

Inventory:

Hand Weapons
 a - a +2 dagger (weapon)
 b - a +0 blowgun
Missiles
 e - 5 poisoned needles
 f - 2 curare-tipped needles
Armour
 c - a +0 robe (worn)
 d - a +1 cloak (worn)
Jewellery
 p - a ring of poison resistance (left hand)
Scrolls
 l - a scroll of immolation {unknown}
 q - a scroll of teleportation
 r - a scroll of amnesia {unknown}
Potions
 i - a potion of lignification {unknown}
 j - a potion of berserk rage {unknown}
 k - a potion of ambrosia
 n - a potion of curing {unknown}
 s - a potion of agility {unknown}
Comestibles
 g - 2 bread rations
 h - 6 fruits


   Skills:
 + Level 1.7 Fighting
 + Level 2.9 Short Blades
 + Level 2.1 Throwing
 + Level 2.4 Dodging
 + Level 7.3 Stealth


You had 2 spell levels left.
You didn't know any spells.

Dungeon Overview and Level Annotations

Branches:
Dungeon (3/15)

Altars:
Ashenzari


Innate Abilities, Weirdness & Mutations

You are very small and have problems with some larger weapons.
You are too small for most types of armour.
You have supernaturally acute eyesight. (SInv)
You are a herbivore.
You cover ground extremely quickly.
You need consume almost no food.


Message History

Wield which item (- for none, * to show all)? (? for menu, Esc to quit)
a - a +2 dagger (weapon)
You barely miss the orc.
The orc is moderately wounded.
You barely miss the orc.
The orc is moderately wounded.
The orc closely misses you.
You hit the orc.
The orc is heavily wounded.
The orc misses you. x2
You hit the orc.
You kill the orc!
You hit the orc.
The orc is moderately wounded.
The orc hits you but does no damage. The orc hits you with a dagger.
* * * LOW HITPOINT WARNING * * *
You hit the orc.
The orc is lightly wounded.
The orc hits you with a whip.
You die...

#..###...#.#.#
#..###.#.._..#
#......###.### ##+#
##.###.###.# #...#
#.# #....## .....#
#<###.#.####
.(....##..........#
......o####...###.#
....(.oo@............
...?..S#o##...#.#.###
......##.###....#
.....# #.# ##...#
#...# #.# #..... ##+#
#.. ....### ### ##.##
.#


You could see an orc priest, an adder and 3 orcs.

Vanquished Creatures
  An adder (D:2)
  2 worms (D:2)
  A dart slug (D:1)
  A leopard gecko (D:2)
  An orc (D:3)
  4 giant cockroaches (D:2)
  6 goblins
  5 hobgoblins
  3 jackals (D:2)
  4 bats
  4 frilled lizards
  5 kobolds
  5 rats
42 creatures vanquished.

Notes
Turn   | Place    | Note
-------+----------+-------------------------------------------
     0 | D:1      | maniacrov the Spriggan Assassin began the quest for the Orb.
     0 | D:1      | Reached XP level 1. HP: 10/10 MP: 2/2
     6 | D:1      | Noticed a hound
     6 | D:1      | Noticed an iguana
     7 | D:1      | Noticed a black mamba
     7 | D:1      | Noticed a black bear
    67 | D:1      | Reached skill level 6 in Stealth
   486 | D:1      | Reached XP level 2. HP: 14/14 MP: 3/3
   845 | D:2      | Reached skill level 7 in Stealth
  1035 | D:2      | Reached XP level 3. HP: 18/18 MP: 4/4
  1950 | D:3      | Found a shattered altar of Ashenzari.
  1992 | D:3      | Slain by an orc

Skill      XL: |  1  2  3 |
---------------+----------+-----
Stealth        | 6 7 |  7.3
Dodging        | 2 |  2.4
Fighting       | |  1.7
Short Blades   | |  2.9
Throwing       | |  2.1

Action                   || total
-------------------------++-------
Melee: Dagger            ||   166
 Fire: Blowgun           ||    10
  Use: Scroll            ||     4
       Potion            ||     1
 Stab: Sleeping          ||     9
Armor: Robe              ||    17
Dodge: Dodged            ||   113
